 Dungeon Crawl Stone Soup version 0.20.1-1-g8b1a95d66d (webtiles) character file.

186 Jannitor the Skirmisher (level 5, -3/60 HPs)
             Began as an Octopode Chaos Knight on Nov 17, 2017.
             Slain by a water moccasin skeleton (4 damage)
             ... on level 4 of the Dungeon.
             The game lasted 00:03:44 (2907 turns).

Jannitor the Skirmisher (Octopode Chaos Knight)     Turns: 2907, Time: 00:03:45

Health: -3/60      AC:  1    Str: 16    XL:     5   Next: 65%
Magic:  5/5        EV: 14    Int: 15    God:    Xom [.....*]
Gold:   154        SH:  3    Dex: 12    Spells: 4/4 levels left

rFire    + . .     SeeInvis .   a - +0 spear (chaos)
rCold    x . .     Gourm    .   q - +0 buckler
rNeg     . . .     Faith    .   (helmet restricted)
rPois    .         Spirit   .   (no amulet)
rElec    .         Reflect  .   d - ring of fire
rCorr    .         Harm     .   (no ring)
MR       .....     Clarity  +   (no ring)
Stlth    ..........             (no ring)
Regen    0.2/turn               (no ring)
MPRegen  0.1/turn               (no ring)
                                (no ring)
                                (no ring)

@: berserking, very quick
A: almost no armour, stealthy swim, amphibious, 8 rings, constrict 8, camouflage
1, clarity, robust 1, gelatinous body 1
a: Renounce Religion


You were on level 4 of the Dungeon.
You worshipped Xom.
You were Xom's teddy bear.
You were not hungry.

You visited 1 branch of the dungeon, and saw 4 of its levels.

You collected 154 gold pieces.

Inventory:

Hand Weapons
 a - a +0 spear of chaos (weapon)
Armour
 q - a +0 buckler (worn)
Jewellery
 d - a ring of fire (left tentacle)
 g - an uncursed amulet of the gourmand {unknown}
 h - an uncursed ring of ice {unknown}
Scrolls
 c - a scroll of random uselessness {unknown}
 j - a scroll of identify {unknown}
 m - a scroll of recharging {unknown}
 n - a scroll of enchant weapon {unknown}
 o - 2 scrolls of immolation {unknown}
 p - a scroll of fog {unknown}
Potions
 e - 2 potions of mutation
 f - a potion of cancellation
 k - a potion of curing {unknown}
 l - a potion of agility {unknown}
Comestibles
 b - a bread ration


   Skills:
 + Level 4.3 Fighting
 + Level 4.1 Polearms
 + Level 3.7 Dodging
 + Level 1.1 Shields


You had 4 spell levels left.
You didn't know any spells.

Dungeon Overview and Level Annotations

Branches:
Dungeon (4/15)
 Temple: D:4-7

Altars:

Annotations:
D:2 1 runed door


Innate Abilities, Weirdness & Mutations

You cannot wear most types of armour.
You are very stealthy in the water. (Stealth+)
You are amphibious.
You can wear up to eight rings at the same time.
You can use your tentacles to constrict eight enemies at once.
Your skin changes colour to match your surroundings (Stealth+).
Your rubbery body absorbs attacks. (AC +1, EV +1)
You possess an exceptional clarity of mind.
You are robust. (+10% HP)


Message History

No target in view!
You closely miss something. Something bites you.
You hit something. You burn something. Your squeeze misses something.
Something bites you. x2
You hit something. You burn something. Your squeeze misses something.
Something bites you.
You hit something but do no damage. Something bites you!
* * * LOW HITPOINT WARNING * * *
You closely miss something. Something bites you.
* * * LOW HITPOINT WARNING * * *
It was a potion of cancellation.
You feel magically purged.
Xom thinks this is hilarious!
Something bites you!
* * * LOW HITPOINT WARNING * * *
It was a potion of berserk rage.
A red film seems to cover your vision as you go berserk!
You feel yourself moving faster!
You feel mighty!
Xom roars with laughter!
Something bites you.
You die...

......### ...
#..<##### .
....###.....###..
........###......
....##...........
................#
###..............
..........#..###.
.......@..#....#
#.....{.....##.#
#................
#.............. .
#.........#####
#......$..#
###########


There were no monsters in sight!

Vanquished Creatures
  Jessica (D:2)
  Natasha (twice) (D:3)
  2 adders (D:3)
  An ooze (D:2)
  A worm (D:2)
  A leopard gecko (D:4)
  2 orcs (D:3)
  2 ball pythons
  2 giant cockroaches
  7 goblins
  8 hobgoblins
  4 jackals (D:1)
  8 bats
  4 frilled lizards
  12 kobolds
  6 rats
63 creatures vanquished.

Vanquished Creatures (others)
  Natasha (D:3)
1 creature vanquished.

Grand Total: 64 creatures vanquished

Notes
Turn   | Place    | Note
-------+----------+-------------------------------------------
     0 | D:1      | Jannitor the Octopode Chaos Knight began the quest for the Orb.
     0 | D:1      | Reached XP level 1. HP: 16/16 MP: 1/1
    66 | D:1      | Reached XP level 2. HP: 4/21 MP: 2/2
   172 | D:1      | XOM: divination: detect creatures
   208 | D:1      | XOM: divination: detect items
   628 | D:1      | XOM: divination: detect items
   723 | D:1      | Reached XP level 3. HP: 26/26 MP: 3/3
   799 | D:1      | XOM: harmless Tmut miscast
  1162 | D:2      | XOM: silly message
  1189 | D:2      | Noticed Jessica
  1198 | D:2      | Killed Jessica
  1198 | D:2      | Reached XP level 4. HP: 29/33 MP: 4/4
  1655 | D:2      | Found a runed door.
  1851 | D:3      | Noticed an ogre
  2008 | D:2      | XOM: divination: detect creatures
  2404 | D:3      | Noticed Natasha
  2410 | D:3      | Killed Natasha
  2410 | D:3      | Reached XP level 5. HP: 37/37 MP: 5/5
  2534 | D:3      | Noticed Natasha
  2541 | D:3      | XOM: harmless Ice miscast
  2543 | D:3      | Killed Natasha
  2543 | D:3      | XOM: divine lightning
  2610 | D:3      | Noticed Natasha
  2624 | D:3      | Killed Natasha
  2624 | D:3      | Reached skill level 1 in Shields
  2746 | D:3      | Noticed a steam dragon
  2746 | D:3      | an ogre changed into a steam dragon
  2746 | D:3      | XOM: polymorph ogre -> steam dragon
  2755 | D:2      | Gained mutation: You are robust. (+10% HP) [potion of mutation]
  2755 | D:2      | Gained mutation: You possess an exceptional clarity of mind. [potion of mutation]
  2788 | D:2      | XOM: divination: detect items
  2906 | D:4      | HP: 1/40 [something (7)]
  2907 | D:4      | Slain by a water moccasin skeleton

Skill      XL: |  1  2  3  4  5 |
---------------+----------------+-----
Dodging        | 3 |  3.7
Fighting       | 4 |  4.3
Polearms       | 4 |  4.1
Shields        | 1 |  1.1

Action                   |  1- 3 |  4- 6 || total
-------------------------+-------+-------++-------
Melee: Spear             |    78 |    96 ||   174
       Constrict         |    16 |    16 ||    32
       Tentacles         |     7 |    12 ||    19
  Use: Potion            |       |     3 ||     3
 Stab: Sleeping          |     8 |     6 ||    14
       Petrified         |       |     4 ||     4
       Petrifying        |       |     1 ||     1
  Eat: Chunk             |       |     6 ||     6
Armor: Skin              |     2 |    15 ||    17
Dodge: Dodged            |    25 |    34 ||    59
Block: Buckler           |       |     5 ||     5
